 Dungeon Crawl Stone Soup version 0.28-a0-464-g0687ed57fd (webtiles) character file.

Game seed: 1972425079065219487

3677 GordonOverkill the Destroyer (level 9, -7/40 HPs)
             Began as a Felid Necromancer on Sept 14, 2021.
             Was a Priest of Sif Muna.
             Mangled by a red ugly thing (16 damage)
             ... on level 8 of the Dungeon.
             The game lasted 00:37:33 (16841 turns).

GordonOverkill the Destroyer (Felid Necromancer)   Turns: 16841, Time: 00:37:34

Health: -7/40      AC:  2    Str:  4    XL:     9   Next: 89%
Magic:  33/33      EV: 18    Int: 25    God:    Sif Muna [***...]
Gold:   342        SH:  0    Dex: 16    Spells: 22/28 levels left
                                        Lives:  0   Deaths: 2

rFire   . . .      SeeInvis +   (weapon unavailable)
rCold   + . .      Faith    +   (shield unavailable)
rNeg    . . .      Spirit   .   (armour unavailable)
rPois   .          Reflect  .   (helmet unavailable)
rElec   .          Harm     .   (cloak unavailable)
rCorr   .          Rampage  .   (gloves unavailable)
Will    +....                   (boots unavailable)
Stlth   ++........              s - amulet of faith
HPRegen 0.13/turn               o - ring of Gin and Tonic {MP+9 Int+4}
MPRegen 0.23/turn               a - ring of protection from cold

@: quick
A: very small, claws 1, fangs 3, see invisible, speed 1, shaggy fur 2, stealthy
paws, no weapons or thrown items, no armour, multi-lived
a: Renounce Religion, Channel Magic, Forget Spell


You were on level 8 of the Dungeon.
You worshipped Sif Muna.
Sif Muna was most pleased with you.
You visited 1 branch of the dungeon, and saw 8 of its levels.
You also visited: Sewer and Bailey.

You collected 342 gold pieces.

Inventory:

Jewellery
 a - a ring of protection from cold (right paw)
 d - a +6 ring of dexterity
 e - an amulet of regeneration
 h - a +6 ring of strength
 o - the ring of Gin and Tonic (left paw) {MP+9 Int+4}
   (You acquired it on level 7 of the Dungeon)

   [ring of magical power]

   Int:       It affects your intelligence (+4).
   MP:        It affects your magic capacity (+9).
 q - a ring of ice
 r - a ring of positive energy
 s - an amulet of faith (around neck)
 w - a +6 ring of dexterity
Wands
 g - a wand of charming (5)
 v - a wand of flame (23)
Scrolls
 b - 2 scrolls of magic mapping
 f - 2 scrolls of fog
 m - 5 scrolls of teleportation
 n - 2 scrolls of amnesia
 y - 2 scrolls of fear {unknown}
 A - a scroll of torment {unknown}
 C - 2 scrolls of noise {unknown}
Potions
 c - 2 potions of brilliance {unknown}
 i - 3 potions of resistance
 j - a potion of invisibility
 k - 8 potions of haste
 l - a potion of cancellation
 p - 3 potions of mutation {unknown}
 t - 3 potions of attraction {unknown}
 x - a potion of berserk rage {unknown}
 z - a potion of ambrosia {unknown}
 B - 2 potions of might {unknown}
Miscellaneous
 u - a box of beasts


   Skills:
 - Level 5.0 Fighting
 - Level 4.0 Dodging
 - Level 2.6 Stealth
 - Level 10.0 Spellcasting
 + Level 11.9 Conjurations
 - Level 4.0 Necromancy
 + Level 6.1 Fire Magic
 + Level 4.7 Invocations
 + Level 2.8 Evocations


You had 22 spell levels left.
You knew the following spells:

 Your Spells              Type           Power      Damage    Failure   Level
a - Pain                  Necr           100%       1d9       1%          1
b - Foxfire               Conj/Fire      100%       2x1d9     1%          1
c - Flame Wave            Conj/Fire      55%        3d10      1%          4

Your spell library contained the following spells:

 Spells                   Type           Power      Damage    Failure   Level
 Animate Skeleton         Necr           64%        N/A       1%          1
 Conjure Flame            Conj/Fire      55%        6-21      1%          3
 Vampiric Draining        Necr           16%        2d8       2%          3
 Inner Flame              Hex/Fire       27%        N/A       4%          3
 Blink                    Tloc           N/A        N/A       8%          2
 Slow                     Hex            12%        N/A       8%          2
 Animate Dead             Necr           16%        N/A       10%         4
 Confusing Touch          Hex            12%        N/A       14%         3
 Lesser Beckoning         Tloc           12%        N/A       14%         3
 Agony                    Necr           32%        N/A       26%         5
 Manifold Assault         Tloc           12%        N/A       80%         5
 Yara's Violent Unravell  Hex/Tmut       6%         3d5       80%         5
 Dispersal                Tloc           6%         N/A       100%        6
 Disjunction              Tloc           6%         N/A       100%        8


Dungeon Overview and Level Annotations

Branches:
Dungeon (8/15)             Temple (0/1) D:6            Lair (0/6) D:8
  Sewer (visited)          Bailey (visited)

Altars:
Cheibriados
Dithmenos
Elyvilon
Fedhas
Okawaru
Sif Muna
Vehumet
Zin

Shops:
D:7 :

Annotations:
D:8 exclusion: manticore


Innate Abilities, Weirdness & Mutations

You have sharp claws.
You have razor-sharp teeth.
You have supernaturally acute eyesight. (SInv)
You cover ground quickly. (Speed+)
You are covered in thick fur. (AC +2)
Your paws help you pounce on unaware monsters.
You are incapable of wielding weapons or throwing items.
You cannot wear armour.
You gain extra lives every three experience levels.


Message History

You fade into invisibility!
The manticore flicks its tail.
The volley of spikes misses you.
You are very lightly contaminated with residual magic.
As you read the scroll of teleportation, it crumbles to dust.
You feel strangely unstable.
Your surroundings seem slightly different.
You start resting.
A manticore is nearby!
The manticore flicks its tail.
As you read the scroll of teleportation, it crumbles to dust.
You feel strangely unstable.
You carefully extract the barbed spikes from your body.
The manticore flicks its tail.
The volley of spikes hits you!
The barbed spikes become lodged in your body.
You die...
You are now level 9!
You rejoin the land of the living...
Unknown command.
Unknown command.
You open the door.
There is an open door here.
A red ugly thing is nearby!
A red ugly thing is nearby!
A red ugly thing is nearby!
A red ugly thing is nearby!
A red ugly thing is nearby!
You closely miss the red ugly thing.
The red ugly thing gurgles horribly!
The red ugly thing tentacle-slaps you!
* * * LOW HITPOINT WARNING * * *
You are engulfed in flames!
* * * LOW HITPOINT WARNING * * *
You are too injured to fight recklessly!
You scratch the red ugly thing but do no damage.
The red ugly thing tentacle-slaps you.
* * * LOW HITPOINT WARNING * * *
You are engulfed in flames!
You die...

............# ##.####.......####.
P..).#####..###.##...#######...##
.....#......##.#.)#..### ### #..
P....'......#.#.#####..# ..# ###
.P...#.......##.##...##...##...##
.....###.#...#.##.#.. .## ..#.#
.P.....#.#...#..#..#.# # #.#..#
.......'.....#..#u..# #...#
..P....#..#...##@# # ##.#.
P......#..#...##.# #.##.
..#....#..'...###.## ..##.#
.##....#..#...# .. H#.#...
.#.....#..#...###.## # . ##.#
.#.>...'......##.## # ##.
.'.....#......##.# # # #.
##.....#+#...#..#...# #...#
(............#..#..#. ### #.#..#


You could see a red ugly thing.

Vanquished Creatures
  A centaur warrior (D:8)
  A two-headed ogre (D:8)
  Pikel (D:5)
  A wyvern (D:8)
  3 water moccasins
  7 orc warriors
  A black bear (D:8)
  3 sky beasts
  3 ice beasts
  2 hornet zombies
  3 ogres
  4 centaurs
  A phantom (D:4)
  5 kobold brigands
  A lemure (D:4)
  A wyvern zombie (D:8)
  6 bullfrogs (D:8)
  A scorpion (D:4)
  5 wights (D:8)
  3 howler monkeys (D:8)
  3 centaur zombies
  A bullfrog zombie (D:6)
  2 jellies
  A bullfrog skeleton (D:5)
  A centaur skeleton (D:5)
  3 hounds
  8 iguanas
  An orc wizard (D:8)
  2 killer bee zombies
  A howler monkey zombie (D:5)
  10 gnolls
  3 adders
  2 shadow imps
  A white imp (D:5)
  2 ufetubi
  2 worms
  3 dart slugs
  19 orcs
  11 bats
  6 endoplasms
  7 giant cockroaches
  15 goblins
  9 hobgoblins
  29 kobolds
  4 quokkas
  12 ball pythons
  4 frilled lizards
  7 rats
222 creatures vanquished.

Vanquished Creatures (collateral kills)
  5 foxfires
5 creatures vanquished.

Vanquished Creatures (others)
  8 demonic plants (D:2)
  1435 foxfires
  13 fungi
  19 plants
  4 withered plants (D:2)
1479 creatures vanquished.

Grand Total: 1706 creatures vanquished

Notes
Turn   | Place    | Note
-------+----------+-------------------------------------------
     0 | D:1      | GordonOverkill the Felid Necromancer began the quest for
                  | the Orb.
     0 | D:1      | Reached XP level 1. HP: 7/7 MP: 4/4
   618 | D:1      | Reached XP level 2. HP: 11/12 MP: 4/6
  1117 | D:1      | Reached skill level 1 in Fighting
  1664 | D:2      | Learned a level 1 spell: Foxfire
  2034 | D:2      | Reached XP level 3. HP: 15/15 MP: 5/8
  3075 | D:2      | Found a faded altar of an unknown god.
  3568 | D:2      | Found a faded altar of an unknown god.
  4076 | D:3      | Found a glowing silver altar of Zin.
  4097 | D:3      | Found a blossoming altar of Fedhas.
  4098 | D:3      | Found a white marble altar of Elyvilon.
  4098 | D:3      | Found a shadowy altar of Dithmenos.
  4339 | D:3      | Reached skill level 1 in Conjurations
  4339 | D:3      | Reached skill level 1 in Fire Magic
  4697 | D:3      | Reached XP level 4. HP: 19/19 MP: 6/9
  4817 | D:3      | Found a shimmering blue altar of Sif Muna.
  4863 | D:3      | Became a worshipper of Sif Muna the Loreminder
  5609 | D:3      | Learned a level 4 spell: Flame Wave
  6111 | D:4      | Reached XP level 5. HP: 22/22 MP: 4/10
  6673 | D:4      | Reached skill level 2 in Conjurations
  6673 | D:4      | Reached skill level 1 in Invocations
  6944 | D:4      | Noticed an ogre
  7025 | D:4      | Killed an ogre
  7026 | D:4      | Gained mutation: You are covered in thick fur. (AC +2)
                  | [Felid growth]
  7026 | D:4      | Reached XP level 6. HP: 26/26 MP: 1/12
  7660 | D:5      | Entered Level 5 of the Dungeon
  7822 | D:4      | Reached skill level 3 in Conjurations
  7822 | D:4      | Reached XP level 7. HP: 30/30 MP: 8/13
  7880 | D:5      | Noticed Pikel
  8187 | D:5      | Found a glowing drain.
  8191 | Sewer    | Entered a sewer
  9461 | Sewer    | Reached * piety under Sif Muna
  9468 | Sewer    | Reached skill level 4 in Conjurations
  9665 | D:5      | Reached XP level 8. HP: 7/34 MP: 10/15
 10365 | D:5      | Killed Pikel
 10366 | D:5      | Reached skill level 5 in Spellcasting
 10366 | D:5      | Reached skill level 5 in Conjurations
 10366 | D:5      | Reached skill level 5 in Fire Magic
 10887 | D:5      | Reached skill level 5 in Fighting
 11409 | D:6      | Reached XP level 9. HP: 40/40 MP: 9/17
 11820 | D:6      | Found a staircase to the Ecumenical Temple.
 11831 | D:6      | Reached skill level 11 in Conjurations
 11831 | D:6      | Reached XP level 10. HP: 44/44 MP: 18/18
 12112 | D:7      | Found a radiant altar of Vehumet.
 12117 | D:7      | Found an iron altar of Okawaru.
 12117 | D:7      | Found a snail-covered altar of Cheibriados.
 12138 | D:7      | Found a flagged portal.
 12154 | Bailey   | Entered a bailey
 12202 | Bailey   | Reached ** piety under Sif Muna
 12383 | Bailey   | Noticed an orc warlord
 12785 | Bailey   | Found a runed translucent gate.
 12786 | Bailey   | Found a runed translucent gate.
 12787 | Bailey   | Found a runed translucent gate.
 13390 | D:7      | Reached XP level 11. HP: 47/47 MP: 16/25
 13437 | D:7      | Acquired the ring of Gin and Tonic {MP+9 Int+4}
 13478 | D:7      | Identified the +12 hand axe "Laabo" {holy, rElec rPois
                  | Dex-4}
 13867 | D:7      | Found Lob Ziow's Self-Improvement Boutique.
 14623 | D:8      | Noticed a two-headed ogre
 14702 | D:8      | Killed a two-headed ogre
 14703 | D:8      | Reached skill level 1 in Evocations
 15393 | D:8      | Reached *** piety under Sif Muna
 16191 | D:8      | Noticed a centaur warrior
 16197 | D:8      | HP: 1/47 [centaur warrior (3)]
 16197 | D:8      | Slain by a centaur warrior
 16198 | D:8      | Reached XP level 10. HP: -3/44 MP: 4/33
 16338 | D:8      | Found a staircase to the Lair.
 16359 | D:8      | Killed a centaur warrior
 16598 | D:8      | Reached skill level 10 in Spellcasting
 16796 | D:8      | HP: 1/44 [manticore/volley of spikes (21)]
 16796 | D:8      | Noticed a red ugly thing
 16805 | D:8      | Killed from afar by a manticore
 16806 | D:8      | Reached XP level 9. HP: -11/40 MP: 28/33
 16841 | D:8      | Mangled by a red ugly thing

Illustrated notes

Levels and vault maps discovered:
D:1:      denvon_arrival_waterhouse, layout_basic, minmay_misc_feat_chi
D:2:      layout_basic, shapermc_ecumenical_altar_gd, minmay_bisected
D:3:      layout_loops_ring, mainiacjoe_overflow_alcove_3,
          overflow_temple_1_default, grunt_ministairs_10
D:4:      layout_layer_cave, minmay_pentangle
D:5:      layout_cave_pools, gup_sewer_entry_bowl, serial_column_ruins,
          column_ruins_hut, column_ruins_open_medium_water,
          column_ruins_open_small, column_ruins_open_small, column_ruins_grid_1,
          column_ruins_open_tiny, column_ruins_grid_1, minmay_liquid_box,
          grunt_ministairs_6, uniq_pikel
D:6:      layout_rooms, minmay_temple_entry_drinking_statues
D:7:      layout_layer_cave, grunt_temple_overflow_open, enter_bailey_2,
          corexii_hall_statues_x, nicolae_shop_self_help
D:8:      minmay_ornate_pinched, layout_gridville,
          grunt_lair_entry_orc_guard_hut

Skill      XL: |  1  2  3  4  5  6  7  8  9 10 11 |
---------------+----------------------------------+-----
Fighting       | 1 2 3 5 |  5.0
Spellcasting   | 3 4 5 10 | 10.0
Conjurations   | 1 2 3 4 5 11 | 11.9
Fire Magic     | 1 2 3 4 5 6 |  6.1
Invocations    | 1 2 3 4 |  4.7
Dodging        | 3 4 |  4.0
Evocations     | 2 |  2.8
Stealth        | |  2.6
Necromancy     | |  4.0

Action                   |  1- 3 |  4- 6 |  7- 9 | 10-12 || total
-------------------------+-------+-------+-------+-------++-------
Melee: Unarmed           |    16 |     3 |    30 |     2 ||    51
       Bite              |     5 |       |     1 |     1 ||     7
 Cast: Pain              |    18 |     1 |       |       ||    19
       Foxfire           |   141 |   137 |   229 |   333 ||   840
       Flame Wave        |       |       |       |    22 ||    22
  Use: Scroll            |     1 |       |    11 |     5 ||    17
       Potion            |       |     2 |     5 |     6 ||    13
 Stab: Sleeping          |     2 |     1 |       |       ||     3
Armor: Skin              |     1 |     3 |    45 |    10 ||    59
Dodge: Dodged            |    22 |    26 |    71 |    56 ||   175

Table legend: (Time is in decaauts)
 A = Elapsed time spent in this place.
 B = Non-inter-level travel time spent in this place.
 C = Inter-level travel time spent in this place.
 D = Time resting spent in this place.
 E = Time spent auto-exploring this place.
 F = Levels seen in this place.
 G = Mean time per level.
                   A        B        C        D        E       F      G
               +--------+--------+--------+--------+--------+-----+--------+
         Total |  15526 |  15217 |    309 |   7987 |   3923 |  10 | 1552.6 |
       Dungeon |  12940 |  12631 |    309 |   6399 |   3782 |   8 | 1617.5 |
         Sewer |   1435 |   1435 |      0 |    955 |    140 |   1 | 1435.0 |
        Bailey |   1150 |   1150 |      0 |    633 |      0 |   1 | 1150.0 |
               +--------+--------+--------+--------+--------+-----+--------+

Top non-repeatable levels by time:
     D:4: 2247 daAuts
     D:8: 2079 daAuts
     D:1: 1798 daAuts
     D:3: 1797 daAuts
     D:2: 1717 daAuts
   Sewer: 1435 daAuts
     D:5: 1420 daAuts
     D:7: 1185 daAuts
  Bailey: 1150 daAuts
     D:6: 693 daAuts
